 Dungeon Crawl Stone Soup version 0.19-a0-1856-g32653aa (webtiles) character file.

61 tyvek the Insei (level 3, 0/26 HPs)
             Began as a Demonspawn Transmuter on Oct 11, 2016.
             Slain by an orc
             ... wielding a +2 hand axe of holy wrath
              (2 damage)
             ... on level 3 of the Dungeon.
             The game lasted 00:05:15 (2131 turns).

tyvek the Insei (Demonspawn Transmuter)             Turns: 2131, Time: 00:05:15

Health: 0/26       AC:  5    Str: 10    XL:     3   Next: 83%
Magic:  6/6        EV: 12    Int: 14    God:
Gold:   146        SH:  0    Dex: 14    Spells: 1 memorised, 5 levels left

rFire  . . .     SeeInvis .       - Unarmed
rCold  . . .     Gourm    .     b - +0 robe
rNeg   . . .     Faith    .     (no shield)
rPois  .         Spirit   .     (helmet restricted)
rElec  .         Dismiss  .     (no cloak)
rCorr  .         Reflect  .     (no gloves)
MR     +....     Harm     .     (no boots)
Stlth  +.........               (no amulet)
                                M - ring of protection from magic
                                O - +3 ring of protection

@: no status effects
A: antennae 2
a: no special abilities


You were on level 3 of the Dungeon.
You were not hungry.

You visited 1 branch of the dungeon, and saw 3 of its levels.

You collected 146 gold pieces.


Innate Abilities, Weirdness & Mutations

You have a pair of antennae on your head.


   Skills:
 - Level 1.0 Fighting
 - Level 1.7 Dodging
 * Level 4.3 Unarmed Combat
 - Level 2.0 Spellcasting
 - Level 1.7 Transmutations


You had 5 spell levels left.
You knew the following spells:

 Your Spells              Type           Power        Failure   Level  Hunger
z - Beastly Appendage     Tmut           #.....       14%         1    ##.....

Inventory:

Missiles
 a - 58 arrows
Armour
 b - a +0 robe (worn)
 e - a +0 helmet
Jewellery
 M - a ring of protection from magic (right hand)
 O - a +3 ring of protection (left hand)
Wands
 q - a wand of iceblast (4/15)
Scrolls
 g - 6 scrolls of identify {unknown}
 h - 4 scrolls of remove curse {unknown}
 i - 2 scrolls of noise {unknown}
 j - a scroll of enchant armour {unknown}
 m - a scroll of immolation {unknown}
 n - 2 scrolls of random uselessness {unknown}
 o - a scroll of magic mapping {unknown}
 u - a scroll of enchant weapon {unknown}
Potions
 p - a potion of degeneration {unknown}
 r - a potion of cure mutation {unknown}
 s - a potion of flight {unknown}
 t - 2 potions of curing {unknown}
Books
 c - a book of Changes

   Spells                             Type                      Level
   a - Beastly Appendage              Transmutation                1
   b - Sticks to Snakes               Transmutation                2
   c - Spider Form                    Transmutation/Poison         3
   d - Ice Form                       Ice/Transmutation            4
   e - Blade Hands                    Transmutation                5
Comestibles
 d - 2 bread rations {@e1}
 f - 5 fruits {@e2}
 k - a beef jerky {@e2}
 l - a slice of pizza {@e2}
 v - a meat ration {@e1}

Dungeon Overview and Level Annotations

Branches:
Dungeon (3/15)

Altars:

##.......##
##.....## #...
##.....##
##...## ###.
##...## ## ##+##
#. #.... ..
#.#### #. #>#.#
##. #.##.## #.
..
##.#.#)#######.
# #.
##...###........
....##.##...##
##.######
#....o@...##
##.#
...###.####.##
##.## #.
#..###.## ..
#.#.#.## ...
#.##.## ####
#.#### #.# #.#
...


You could see an orc.


Message History

You barely miss the orc. You claw the orc, but do no damage.
The orc is heavily wounded.
The orc misses you.
You hit the orc but do no damage.
The orc is heavily wounded.
The orc hits you with a hand axe of holy wrath.
* * * LOW HITPOINT WARNING * * *
You convulse.
* * * LOW HITPOINT WARNING * * *
You closely miss the orc.
The orc is heavily wounded.
The orc hits you with a hand axe of holy wrath.
* * * LOW HITPOINT WARNING * * *
You convulse.
* * * LOW HITPOINT WARNING * * *
You hit the orc.
The orc is severely wounded.
You hit the orc but do no damage. You claw the orc, but do no damage.
The orc is severely wounded.
The orc barely misses you.
You hit the orc but do no damage.
The orc is severely wounded.
Your talons disappear.
The orc barely misses you.
You hit the orc but do no damage.
The orc is severely wounded.
The orc hits you with a hand axe of holy wrath.
* * * LOW HITPOINT WARNING * * *
You convulse.
You die...

Skill      XL: |  1  2  3 |
---------------+----------+-----
Unarmed Combat | 3 4 |  4.3
Fighting       | |  1.0
Dodging        | |  1.7
Spellcasting   | |  2.0
Transmutations | |  1.7

Action                   || total
-------------------------++-------
Melee: Unarmed           ||   152
       Kick              ||    16
       Punch             ||     2
 Cast: Beastly Appendage ||    14
 Abil: End Transformatio ||     1
 Stab: Sleeping          ||     2
  Eat: Chunk             ||     4
Armor: Robe              ||    40
Dodge: Dodged            ||    75

Vault maps used:
D:1:      lightli_arrival_chessboard, minmay_misc_feat_x
D:3:      nicolae_overflow_crystal_walls

Notes
Turn   | Place    | Note
-------+----------+-------------------------------------------
     0 | D:1      | tyvek the Demonspawn Transmuter began the quest for the Orb.
     0 | D:1      | Reached XP level 1. HP: 15/15 MP: 3/3
   112 | D:1      | Reached skill level 3 in Unarmed Combat
   549 | D:1      | You feel monstrous as your demonic heritage exerts itself.
   549 | D:1      | Gained mutation: You have a pair of small antennae on your head. [demonic ancestry]
   549 | D:1      | Reached XP level 2. HP: 21/21 MP: 5/5
  1101 | D:2      | Gained mutation: You have a pair of antennae on your head. [demonic ancestry]
  1101 | D:2      | Reached XP level 3. HP: 23/26 MP: 4/6
  1224 | D:2      | Reached skill level 4 in Unarmed Combat
  2131 | D:3      | HP: 2/26 [orc/hand axe of holy wrath (1)]
  2131 | D:3      | Slain by an orc

Vanquished Creatures
  3 oozes
  2 dart slugs
  A leopard gecko (D:2)
  A ball python (D:2)
  A giant cockroach (D:1)
  12 goblins
  4 hobgoblins
  6 kobolds (D:2)
  2 quokkas (D:2)
  3 bats
  2 frilled lizards (D:1)
  6 rats
43 creatures vanquished.
